Map: [ESL] Moondance

Players

TheNovack

  • Race: Protoss Protoss
  • Spawn Location: 12:00

Rhizer - Winner!

  • Race: Protoss Protoss
  • Spawn Location: 6:00

Event: DreamHack SC2 Masters 2022 Valencia

VOD

Have the link to the VOD?

Description

Time

  • Played on: July 1, 2022, 5:29 a.m.
  • Length: 4:40

All games in this series

Show
View Real Time Build Order
Export as new Build Order

TheNovack Protoss 

Build Orders: Dark Templar Rush 

Get SALT Encoding   

  12  0:00  Probe  
  13  0:13  Probe  
  14  0:19  Pylon  
  14  0:25  Probe  
  15  0:37  Probe  
  15  0:41  Gateway  
  16  0:49  Probe, Assimilator  
  17  1:01  Probe  
  18  1:13  Probe  
  19  1:19  Gateway  
  19  1:25  Pylon, Probe  
  20  1:37  Probe  
  20  1:38  Cybernetics Core  
  21  1:50  Zealot (Chrono Boost)  
  23  2:01  Pylon  
  23  2:15  Warp Gate (Chrono Boost)  
  23  2:17  Twilight Council  
  23  2:27  Pylon  
  23  2:38  Assimilator  
  23  2:42  Shield Battery  
  23  2:43  Pylon  
  23  3:01  Probe  
  24  3:10  Dark Shrine  
  24  3:13  Gateway  
  24  3:17  Shield Battery  
  23  3:28  Shield Battery  
  23  3:30  Shield Battery  
  23  3:33  Pylon  
  22  3:43  Probe (Chrono Boost)  
  13  4:22  Dark Templar  
  13  4:23  Dark Templar  
  8  4:26  Probe  
Show
View Real Time Build Order
Export as new Build Order

Rhizer Protoss - Winner!

Build Orders: Oracle Opening 

Get SALT Encoding   

  12  0:00  Probe  
  13  0:12  Probe  
  14  0:18  Pylon  
  14  0:24  Probe (Chrono Boost)  
  15  0:36  Probe (Chrono Boost)  
  15  0:38  Gateway  
  16  0:45  Probe (Chrono Boost)  
  16  0:47  Assimilator  
  17  0:50  Probe  
  18  0:57  Assimilator  
  18  1:02  Assimilator  
  18  1:04  Probe  
  19  1:17  Gateway  
  19  1:18  Probe (Chrono Boost)  
  20  1:27  Probe (Chrono Boost)  
  21  1:33  Probe, Cybernetics Core  
  22  1:43  Pylon  
  22  1:46  Probe  
  23  2:01  Probe  
  23  2:07  Warp Gate (Chrono Boost)  
  24  2:08  Stalker  
  24  2:09  Stalker  
  28  2:22  Pylon  
  29  2:27  Stargate  
  28  2:32  Probe  
  29  2:44  Stalker  
  31  2:45  Stalker  
  31  2:49  Probe  
  34  3:01  Pylon  
  34  3:07  Shield Battery  
  34  3:10  Oracle (Chrono Boost)  
  41  3:45  Shield Battery  
  36  3:52  Stalker x2  
  40  4:07  Oracle (Chrono Boost)  
  43  4:17  Gateway  
  43  4:19  Pylon  
  43  4:21  Pylon  

Tags
 
Add a new tag
Caveats
  • Supply blocks, unpowered buildings, or Contaminate may cause inaccurate times.
  • Supply counts are checked every 10 seconds.